 Dungeon Crawl Stone Soup version 0.21-a0-513-gdcb3f5e (webtiles) character file.

397 vineage the Cudgeler (level 6, 0/40 HPs)
             Began as a Gargoyle Fighter on Dec 1, 2017.
             Was a Follower of Makhleb.
             Slain by a bog mummy (6 damage)
             ... in an ossuary.
             The game lasted 00:04:28 (2381 turns).

vineage the Cudgeler (Gargoyle Fighter)             Turns: 2381, Time: 00:04:29

Health: 0/40       AC: 14    Str: 21    XL:     6   Next: 83%
Magic:  6/6        EV:  7    Int:  8    God:    Makhleb [*.....]
Gold:   109        SH: 10    Dex: 10    Spells: 5/5 levels left

rFire    . . .     SeeInvis .   a - +0 flail
rCold    . . .     Gourm    .   c - +1 shield
rNeg     + . .     Faith    .   b - +0 scale mail
rPois    ∞         Spirit   .   (no helmet)
rElec    +         Reflect  .   j - +2 cloak
rCorr    .         Harm     .   (no gloves)
MR       .....                  (no boots)
Stlth    ..........             (no amulet)
HPRegen  0.13/turn              (no ring)
MPRegen  0.10/turn              (no ring)

@: flying, hasted and slowed
A: negative energy resistance 1, electricity resistance, unbreathing,
petrification resistance, rot immunity, AC +4
a: Renounce Religion


You were in an ossuary.
You worshipped Makhleb.
Makhleb was aware of your devotion.
You were very full.

You visited 1 branch of the dungeon, and saw 4 of its levels.
You also visited: Ossuary.

You collected 109 gold pieces.

Inventory:

Hand Weapons
 a - a +0 flail (weapon)
Armour
 b - a +0 scale mail (worn)
 c - a +1 shield (worn)
 j - a +2 cloak (worn)
Scrolls
 i - a scroll of immolation
 l - a scroll of remove curse
 o - a scroll of amnesia
Potions
 d - a potion of might
 r - a potion of haste
Comestibles
 f - 3 bread rations
 h - 2 fruits
 m - 3 royal jellies


   Skills:
 + Level 5.3 Fighting
 * Level 5.9 Maces & Flails
 - Level 3.2 Armour
 - Level 3.2 Shields


You had 5 spell levels left.
You didn't know any spells.

Dungeon Overview and Level Annotations

Branches:
Dungeon (4/15)
 Temple: D:4-7

Altars:
Dithmenos
Kikubaaqudgha
Makhleb
Vehumet
Xom


Innate Abilities, Weirdness & Mutations

You are resistant to torment.
Your stone body is resilient. (AC +4)
You are immune to poison.
You resist negative energy. (rN+)
You are resistant to electric shocks. (rElec)
You can survive without breathing.
You are immune to petrification.
You are immune to rotting.


Message History

You block the bullfrog zombie's attack. The bullfrog zombie closely misses you.
The bog mummy gestures at you while chanting.
You feel as though you will be slow longer.
Your shield and scale mail prevent you from hitting the bog mummy.
The bog mummy is heavily damaged.
You block the bog mummy's attack.
It was a potion of flight.
You feel very buoyant.
You fly up into the air.
The bog mummy completely misses you. You block the bog mummy's attack.
You feel yourself speed up. The bog mummy closely misses you.
The bog mummy hits you.
* * * LOW HITPOINT WARNING * * *
You sock the bog mummy!
You destroy the bog mummy!
Makhleb accepts your kill.
You hit the bog mummy.
The bog mummy is lightly damaged.
The bog mummy hits you.
You die...

≈≈# ≈≈##
P≈.# ≈.#
..+
#####.#
#..@#Z+
#.∩.MZ#
#∩..#.'.#
#####.###
'.' #≈##
#.. ≈.≈
#≈≈


You could see a bog mummy and a wyvern zombie.

Vanquished Creatures
  An ogre (D:4)
  A howler monkey (D:4)
  A hound (D:3)
  An orc priest (D:3)
  Crazy Yiuf (D:2)
  An orc wizard (D:3)
  2 mummies (Ossuary)
  2 adders (D:3)
  An ooze (D:3)
  3 worms
  A dart slug (D:2)
  A leopard gecko (D:2)
  12 orcs
  A bat zombie (D:3)
  A giant cockroach (D:1)
  8 hobgoblins
  14 jackals
  A quokka (D:3)
  2 ball pythons
  4 bats
  2 frilled lizards
  7 goblins
  3 kobolds
  7 rats
  A rat zombie (D:3)
79 creatures vanquished.

Vanquished Creatures (others)
  A withered plant (Ossuary)
1 creature vanquished.

Grand Total: 80 creatures vanquished

Notes
Turn   | Place    | Note
-------+----------+-------------------------------------------
     0 | D:1      | vineage the Gargoyle Fighter began the quest for the Orb.
     0 | D:1      | Reached XP level 1. HP: 14/14 MP: 1/1
    53 | D:1      | Reached XP level 2. HP: 6/19 MP: 2/2
   548 | D:1      | Reached XP level 3. HP: 22/24 MP: 3/3
   849 | D:2      | Found a runed door.
   853 | D:2      | Noticed Crazy Yiuf
   866 | D:2      | Killed Crazy Yiuf
   903 | D:2      | Reached XP level 4. HP: 19/29 MP: 4/4
   922 | D:2      | Found a shimmering altar of Xom.
   924 | D:2      | Found a burning altar of Makhleb.
   960 | D:2      | Became a worshipper of Makhleb the Destroyer
  1308 | D:3      | Reached XP level 5. HP: 16/34 MP: 5/5
  1563 | D:3      | Reached * piety under Makhleb
  1602 | D:3      | Found a radiant altar of Vehumet.
  1681 | D:3      | Found a shadowy altar of Dithmenos.
  1804 | D:3      | Reached skill level 5 in Maces & Flails
  1875 | D:3      | Found an ancient bone altar of Kikubaaqudgha.
  2192 | D:4      | Noticed an ogre
  2198 | D:4      | Killed an ogre
  2198 | D:4      | Reached skill level 5 in Fighting
  2198 | D:4      | Reached XP level 6. HP: 20/40 MP: 6/6
  2344 | D:4      | Found a sand-covered staircase.
  2353 | Ossuary  | Entered an ossuary
  2381 | Ossuary  | Slain by a bog mummy

Vault maps used:
D:1:      sevenhm_arrival_forest_fort_small_3, serial_bayou,
          serial_bayou_shore_b, serial_bayou_crossing, serial_bayou_shore_b,
          serial_bayou_pond_c, nrook_uturn
D:2:      minitemple, uniq_crazy_yiuf_cottage
D:3:      lemuel_zombie_altar_kikubaaqudgha, vehumet_crystals,
          grunt_dithmenos_smoke, minmay_misc_feat_room, minmay_misc_feat_hallway
D:4:      grunt_temple_overflow_opulence, chequers_ossuary_entry_cave,
          serial_shops, nicolae_shop_window_shopping, lemuel_old_faithful
Ossuary:  ossuary_zaba_flooded

Skill      XL: |  1  2  3  4  5 |
---------------+----------------+-----
Maces & Flails | 3 4 5 |  5.9
Fighting       | 4 5 |  5.3
Armour         | |  3.2
Shields        | |  3.2

Action                   |  1- 3 |  4- 6 || total
-------------------------+-------+-------++-------
Melee: Flail             |   118 |   190 ||   308
  Use: Potion            |       |     4 ||     4
       Scroll            |       |     7 ||     7
 Stab: Invisible         |     2 |       ||     2
  Eat: Chunk             |       |     4 ||     4
       Meat ration       |       |     1 ||     1
       Bread ration      |       |     1 ||     1
Armor: Scale mail        |    65 |   115 ||   180
Dodge: Dodged            |    53 |    63 ||   116
Block: Shield            |    55 |   107 ||   162

Table legend:
 A = Spawn XP
 B = Non-spawn XP
 C = Spawn XP percentage of total XP
 D = Spawn monster count
 E = Non-spawn monster count
 F = Spawn count percentage of total count
 G = Total turns spent on level
                    A         B        C        D         E        F      G
               +---------+---------+-------+---------+---------+-------+---------
         Total |       0 |     568 |   0.0 |       0 |      79 |   0.0 |  2381
               +---------+---------+-------+---------+---------+-------+---------
           D:1 |       0 |      41 |   0.0 |       0 |      25 |   0.0 |   838
           D:2 |       0 |      71 |   0.0 |       0 |      14 |   0.0 |   406
           D:3 |       0 |     205 |   0.0 |       0 |      29 |   0.0 |   948
           D:4 |       0 |     194 |   0.0 |       0 |       9 |   0.0 |   161
       Ossuary |       0 |      57 |   0.0 |       0 |       2 |   0.0 |    28
               +---------+---------+-------+---------+---------+-------+---------
